 Dungeon Crawl Stone Soup version 0.29.1-2-gbd0b4ee654 (webtiles) character file.

Game seed: 16064315809182414085

44 leafyfresh the Sneak (level 3, 0/21 HPs)
             Began as an Octopode Earth Elementalist on Nov 7, 2022.
             Slain by an adder (4 damage)
             ... on level 2 of the Dungeon.
             The game lasted 00:02:50 (2689 turns).

leafyfresh the Sneak (Octopode Earth Elementalist)  Turns: 2689, Time: 00:02:50

Health: 0/21       AC:  1    Str:  7    XL:     3   Next: 60%
Magic:  1/6        EV: 13    Int: 19    God:
Gold:   122        SH:  0    Dex: 12    Spells: 0/6 levels left

rFire   . . .      SeeInvis .   j - +0 dagger (vamp)
rCold   . . .      Faith    .   (no shield)
rNeg    . . .      Spirit   .   (helmet restricted)
rPois   .          Reflect  .   (no amulet)
rElec   .          Harm     .   (no ring)
rCorr   .          Rampage  .   (no ring)
Will    .....                   (no ring)
Stlth   ++++......              (no ring)
HPRegen 0.07/turn               (no ring)
MPRegen 0.10/turn               (no ring)
                                (no ring)
                                (no ring)

@: very slightly contaminated
A: almost no armour, amphibious, 8 rings, camouflage 1, gelatinous body 1,
(nimble swimmer 1), tentacles
a: no special abilities


You were on level 2 of the Dungeon.
You visited 1 branch of the dungeon, and saw 2 of its levels.

You collected 122 gold pieces.

Inventory:

Hand Weapons
 j - a +0 vampiric dagger (weapon)
 l - a +0 dagger
Missiles
 g - 6 poisoned darts
Scrolls
 b - a scroll of torment {unknown}
 h - a scroll of identify {unknown}
 i - 2 scrolls of noise {unknown}
 k - a scroll of enchant weapon {unknown}
Potions
 a - 4 potions of magic
 c - 2 potions of lignification {unknown}
 d - 3 potions of curing {unknown}
 e - 2 potions of brilliance {unknown}
 f - a potion of ambrosia {unknown}


   Skills:
 - Level 2.0 Dodging
 + Level 4.3 Stealth
 - Level 2.0 Spellcasting
 - Level 1.0 Transmutations
 + Level 3.8 Earth Magic


You couldn't memorise any spells.
You knew the following spells:

 Your Spells              Type           Power      Damage    Failure   Level
a - Sandblast             Erth           32%        2d9       3%          1
b - Stone Arrow           Conj/Erth      18%        3d8       24%         3
c - Passwall              Tmut/Erth      9%         N/A       10%         2

Your spell library contained the following spells:

 Spells                   Type           Power      Damage    Failure   Level
 Blink                    Tloc           2%         N/A       26%         2
 Petrify                  Tmut/Erth      11%        N/A       54%         4
 Manifold Assault         Tloc           1%         N/A       99%         5
 Storm Form               Tmut/Air       1%         N/A       100%        7
 Lehudib's Crystal Spear  Conj/Erth      4%         10d3      100%        8
 Animate Armour           Summ/Erth      Unusable   N/A       N/A         4

Dungeon Overview and Level Annotations

Branches:
Dungeon (2/15)

Altars:
Qazlal


Innate Abilities, Weirdness & Mutations

You cannot wear most types of armour.
You are amphibious.
You can wear up to eight rings at the same time.
Your skin changes colour to match your surroundings (Stealth+).
Your rubbery body absorbs attacks. (AC +1, EV +1)
((You are camouflaged when in or above water. (Stealth+)))
You have tentacles for arms and can constrict up to eight enemies at once.


Message History

You are poisoned.
The adder poisons you! The adder misses you.
Casting: Sandblast (safe; 3% risk of failure)
Confirm with . or Enter, or press ? or * to list all spells.
You don't have enough magic to cast this spell.
Unknown command.
Casting: Sandblast (safe; 3% risk of failure)
Confirm with . or Enter, or press ? or * to list all spells.
You don't have enough magic to cast this spell.
Unknown command.
You closely miss the adder. Your grab misses the adder.
Your squeeze misses the adder.
The adder is heavily wounded.
You feel sick. The adder barely misses you.
Unknown command.
You miss the adder. Your grab misses the adder.
The adder is heavily wounded.
You feel sick. The adder bites you. x2
* * * LOW HITPOINT WARNING * * *
Unknown command.
You barely miss the adder. You grab the adder.
The adder is heavily wounded.
You constrict the adder.
You feel sick. The adder misses you.
Unknown command.
Casting: Sandblast (safe; 3% risk of failure)
Confirm with . or Enter, or press ? or * to list all spells.
You don't have enough magic to cast this spell.
Unknown command.
You barely miss the adder.
The adder is severely wounded.
You constrict the adder.
You feel sick.
You are no longer poisoned.
The adder bites you but does no damage.
Unknown command.
You hit the adder.
You feel better.
The adder is almost dead.
You constrict the adder. The adder bites you.
* * * LOW HITPOINT WARNING * * *
The adder bites you.
You die...

#..#.##### #.#
#..#.##... ...####
##..#. #.## . ......
.... #.# ......# #..#
#.# #.#...# #..# #.#
##.#...######..####.#
#.#....S............#.#
.......@....###..#(...##
##......................
#.#.........##.##......
###...######.###.####
###.# #.# #.# ### #.#
#.# ..# #.# ## #.. ##.


You could see an adder.

Vanquished Creatures
  An adder (D:2)
  6 endoplasms
  A giant cockroach (D:2)
  5 goblins
  2 hobgoblins (D:1)
  A kobold (D:1)
  4 quokkas
  2 ball pythons (D:1)
  5 bats
  2 rats
29 creatures vanquished.

Notes
Turn   | Place    | Note
-------+----------+-------------------------------------------
     0 | D:1      | leafyfresh the Octopode Earth Elementalist began the quest
                  | for the Orb.
     0 | D:1      | Reached XP level 1. HP: 11/11 MP: 3/3
    32 | D:1      | Reached skill level 3 in Stealth
   252 | D:1      | Reached XP level 2. HP: 17/17 MP: 1/5
  1568 | D:2      | Reached skill level 4 in Stealth
  1568 | D:2      | Reached XP level 3. HP: 13/21 MP: 3/6
  1572 | D:2      | Learned a level 3 spell: Stone Arrow
  1656 | D:2      | Learned a level 2 spell: Passwall
  1968 | D:2      | Found a stormy altar of Qazlal.
  2689 | D:2      | Slain by an adder

Illustrated notes

Levels and vault maps discovered:
D:1:      mrwooster_arrival_statue_3, layout_rooms, minmay_tetromino_i2
D:2:      layout_loops_ring, basic_altar, minmay_misc_feat_square,
          minmay_snake_closets

Skill      XL: |  1  2 |
---------------+-------+-----
Stealth        | 3 4 |  4.3
Dodging        | |  2.0
Spellcasting   | |  2.0
Transmutations | |  1.0
Earth Magic    | |  3.8

Action                   || total
-------------------------++-------
Melee: Unarmed           ||    44
       Constrict         ||    11
       Tentacles         ||     6
       Dagger            ||     5
 Cast: Sandblast         ||    36
 Stab: Sleeping          ||     3
Armor: Skin              ||    10
Dodge: Dodged            ||    53
